 Dungeon Crawl Stone Soup version 0.30-a0-1042-gacf32f4bd3 (webtiles) character file.

Game seed: 10418058231961104535

37 Grim the Shield-Bearer (level 3, 29/29 HPs)
             Began as a Formicid Fighter on Apr 9, 2023.
             Quit the game on level 1 of the Dungeon.
             The game lasted 00:01:35 (1103 turns).

Grim the Shield-Bearer (Formicid Fighter)           Turns: 1103, Time: 00:01:36

Health: 29/29      AC:  6    Str: 20    XL:     3   Next: 62%
Magic:  3/3        EV:  9    Int:  7    God:
Gold:   104        SH:  5    Dex: 15    Spells: 2/2 levels left

rFire   . . .      SeeInvis +    a - +0 long sword
rCold   . . .      Faith    .    c - +0 buckler
rNeg    . . .      Spirit   .    b - +0 scale mail
rPois   .          Reflect  .    (helmet unavailable)
rElec   .          Rampage  .    (no cloak)
rCorr   .                        (no gloves)
Will    +....                    (no boots) Stlth
                                 (no amulet)
HPRegen 0.24/turn                h - ring of willpower
MPRegen 0.08/turn                (no ring)

@: no status effects
A: permanent stasis, dig shafts and tunnels, antennae 3, four strong arms
a: Dig, Shaft Self


You were on level 1 of the Dungeon.
You visited 1 branch of the dungeon, and saw 1 of its levels.

You collected 104 gold pieces.

Inventory:

Hand Weapons
 a - a +0 long sword (weapon)
Armour
 b - a +0 scale mail (worn)
 c - a +0 buckler (worn)
Jewellery
 h - a ring of willpower (left hand)
Scrolls
 e - a scroll of fog {unknown}
 f - a scroll of teleportation {unknown}
 i - a scroll of immolation {unknown}
 j - a scroll of summoning {unknown}
Potions
 d - a potion of might
 g - a potion of attraction {unknown}


   Skills:
 - Level 3.2 Fighting
 * Level 3.2 Long Blades
 - Level 3.2 Armour
 + Level 4.6 Shields


You had 2 spell levels left.
You didn't know any spells.
Your spell library contained the following spells:

 Spells                   Type           Power      Damage    Failure   Level
 Apportation              Tloc           0%         N/A       85%         1
 Lesser Beckoning         Tloc           0%         N/A       94%         2
 Momentum Strike          Conj/Tloc      0%         3d8       94%         2
 Alistair's Intoxication  Tmut/Pois      0%         N/A       100%        5
 Blink                    Tloc           Unusable   N/A       N/A         2

Dungeon Overview and Level Annotations

Branches:
Dungeon (1/15)

Altars:


Innate Abilities, Weirdness & Mutations

You cannot be hasted, slowed, berserked, paralysed or teleported.
You can dig through walls and to a lower floor.
You have a pair of large antennae on your head. (SInv)
Your four strong arms can wield two-handed weapons with a shield.


Message History

You hit the dart slug but do no damage.
The dart slug bites you but does no damage.
You barely miss the dart slug.
The dart slug bites you but does no damage.
You slash the dart slug!
The dart slug is almost dead.
The dart slug launches a dart at you. The slug dart hits you.
You hit the dart slug.
You kill the dart slug!
No target in view!
There is a stone staircase leading down here.
You open the door.
There is an open door here.
You open the door.
There is an open door here.
Found a leather armour and 5 stones.
You see here a +0 leather armour.
A gnoll comes into view. It is wielding a +0 flail.
You see here 5 stones.
You block the gnoll's attack.
You slash the gnoll!
The gnoll is almost dead.
The gnoll hits you with a +0 flail.
You closely miss the gnoll.
The gnoll is almost dead.
The gnoll hits you with a +0 flail.
* * * LOW HITPOINT WARNING * * *
The gnoll barely misses you.
You hit the gnoll.
You kill the gnoll!
No target in view!
You start resting.
HP restored.
You see here a +0 flail.
Done exploring.
Done exploring.
Done exploring.
Done exploring.
Are you sure you want to abandon this character and quit the game? (Confirm with "yes".)

########## ...)...(.#
.#######[####
.###.###.##.############
................@......#
..##.###......########.#
..#### #.#...## #.# ..#
###.##.## #.#
######...##.# ###.####
...########.# #......#
...###...##'## #.#.##.#
...###....##.## #.#.##.#
....##..#..##.##
#.#.##.#


There were no monsters in sight!

Vanquished Creatures
  A gnoll (D:1)
  A dart slug (D:1)
  A ball python (D:1)
  2 bats (D:1)
  3 endoplasms (D:1)
  5 goblins (D:1)
  2 hobgoblins (D:1)
  A jackal (D:1)
  A frilled lizard (D:1)
  2 kobolds (D:1)
  5 rats (D:1)
24 creatures vanquished.

Notes
Turn   | Place    | Note
-------+----------+-------------------------------------------
     0 | D:1      | Grim the Formicid Fighter began the quest for the Orb.
     0 | D:1      | Reached XP level 1. HP: 18/18 MP: 1/1
   243 | D:1      | Reached XP level 2. HP: 24/24 MP: 2/2
   487 | D:1      | Reached XP level 3. HP: 23/29 MP: 3/3
  1103 | D:1      | Quit the game

Illustrated notes

Levels and vault maps discovered:
D:1:      nicolae_arrival_washed_ashore, layout_loops_corners,
          hangedman_glass_teeth, minmay_tromino_mix6

Skill      XL: |  1  2  3 |
---------------+----------+-----
Long Blades    | 3 |  3.2
Fighting       | |  3.2
Armour         | |  3.2
Shields        | |  4.6

Action                     || total
---------------------------++-------
  Melee: Long sword        ||    88
 Armour: Scale mail        ||    33
  Dodge: Dodged            ||    27
  Block: Buckler           ||    23

Table legend: (Time is in decaauts)
 A = Elapsed time spent in this place.
 B = Non-inter-level travel time spent in this place.
 C = Inter-level travel time spent in this place.
 D = Time resting spent in this place.
 E = Time spent auto-exploring this place.
 F = Levels seen in this place.
 G = Mean time per level.
                   A        B        C        D        E       F      G
               +--------+--------+--------+--------+--------+-----+--------+
         Total |   1128 |   1128 |      0 |    133 |    806 |   1 | 1128.0 |
       Dungeon |   1128 |   1128 |      0 |    133 |    806 |   1 | 1128.0 |
               +--------+--------+--------+--------+--------+-----+--------+

Top non-repeatable levels by time:
     D:1: 1128 daAuts
